 Dungeon Crawl Stone Soup version 0.31-a0-95-g6fa058ef04 (webtiles) character file.

Game seed: 14189941295788699199

382534 Drazool the Ecstatic (level 21, -3/174 (177) HPs)
             Began as a Demonspawn Fighter on May 23, 2023.
             Was a Believer of Uskayaw.
             Killed by divine providence
             ... invoked by a living spell
             ... summoned by a walking divine tome
              (9 damage)
             ... while paralysed by a floating eye
             ... on level 2 of the Depths on May 25, 2023.
             The game lasted 03:00:08 (50784 turns).

Drazool the Ecstatic (Demonspawn Fighter)          Turns: 50784, Time: 03:00:10

HP:   -3/174 (177)  AC: 39    Str: 25    XL:     21   Next: 93%
MP:   0/37          EV:  2    Int: 11    God:    Uskayaw [**....]
Gold: 2849          SH:  0    Dex: 17    Spells: 20/20 levels left

rFire   . . .        a - +7 eveningstar (drain)
rCold   . . .        c - +0 kite shield
rNeg    . . .        J - +13 plate armour of the Fletcher {Rampage rCorr Dex+3}
rPois   +            E - +2 helmet {SInv}
rElec   .            g - +2 cloak
rCorr   +            o - +1 pair of gloves
SInv    +            O - +0 pair of boots {rampage}
Will    ++...        m - amulet of faith {!P}
Stlth   +++          P - ring of poison resistance
HPRegen 0.49/turn    y - +4 ring of slaying
MPRegen 0.50/turn

%: repel missiles, guardian spirit, rampage, faith
@: paralysed, marked, studying Maces & Flails, lightly drained
A: repulsion field 3, demonic guardian 3, magic shield, magic regeneration,
demonic willpower, weakness stinger 2
}: 2/15 runes: decaying, serpentine
a: Renounce Religion, Stomp, Line Pass


You were on level 2 of the Depths.
You worshipped Uskayaw.
Uskayaw was extremely pleased with you.
You visited 10 branches of the dungeon, and saw 41 of its levels.
You visited the Abyss 2 times.
You also visited: Bailey.

You collected 3877 gold pieces.
You spent 1028 gold pieces at shops.


Innate Abilities, Weirdness & Mutations

You are surrounded by a strong repulsion field. (EV +4, RMsl)
A powerful demonic guardian rushes to your aid.
When hurt, damage is shared between your health and your magic reserves.
You regenerate magic rapidly.
You punish those that try to bend your will. (Will+)
You have a tail ending in a sharp stinger.


   Skills:
 - Level 18.0 Fighting
 - Level 10.0 Short Blades
 - Level 16.0 Maces & Flails
 - Level 3.0 Throwing
 + Level 11.5 Armour
 - Level 10.0 Dodging
 - Level 18.0 Stealth
 - Level 10.0 Shields
 - Level 2.0 Unarmed Combat
 + Level 25.0 Invocations


You had 20 spell levels left.
You didn't know any spells.
Your spell library contained the following spells:

 Spells                   Type           Power      Damage    Failure   Level
 Freeze                   Ice            0%         1d3       99%         1
 Sandblast                Erth           0%         2d4       99%         1
 Shock                    Conj/Air       0%         1d3       99%         1
 Summon Small Mammal      Summ           0%         N/A       99%         1
 Cigotuvi's Dreadful Rot  Necr/Pois/Air  0%         N/A       100%        2
 Ensorcelled Hibernation  Hex/Ice        0%         N/A       100%        2
 Passwall                 Tmut/Erth      0%         N/A       100%        2
 Poisonous Vapours        Pois/Air       0%         N/A       100%        2
 Scorch                   Fire           0%         2d5       100%        2
 Call Canine Familiar     Summ           0%         N/A       100%        3
 Frozen Ramparts          Ice            0%         1d1       100%        3
 Hailstorm                Conj/Ice       0%         3d3       100%        3
 Ignite Poison            Fire/Tmut/Pois 0%         N/A       100%        3
 Mephitic Cloud           Conj/Pois/Air  0%         N/A       100%        3
 Stone Arrow              Conj/Erth      0%         3d7       100%        3
 Summon Guardian Golem    Hex/Summ       0%         N/A       100%        3
 Swiftness                Air            0%         N/A       100%        3
 Vhi's Electric Charge    Tloc/Air       0%         N/A       100%        3
 Airstrike                Air            0%         2d(0-16)  100%        4
 Animate Armour           Summ/Erth      0%         N/A       100%        4
 Dispel Undead            Necr           0%         3d6       100%        4
 Flame Wave               Conj/Fire      0%         2d4       100%        4
 Summon Ice Beast         Ice/Summ       0%         N/A       100%        4
 Alistair's Intoxication  Tmut/Pois      0%         N/A       100%        5
 Arcjolt                  Conj/Air       0%         1d10      100%        5
 Blade Hands              Tmut           0%         N/A       100%        5
 Borgnjor's Vile Clutch   Necr/Erth      0%         N/A       100%        5
 Freezing Cloud           Conj/Ice/Air   0%         6-21      100%        5
 Irradiate                Conj/Tmut      0%         3d11      100%        5
 Summon Forest            Summ/Tloc      0%         N/A       100%        5
 Summon Mana Viper        Hex/Summ       0%         N/A       100%        5
 Death Channel            Necr           0%         N/A       100%        6
 Eringya's Noxious Bog    Tmut/Pois      0%         N/A       100%        6
 Plasma Beam              Fire/Air       0%         2x1d11    100%        6
 Summon Cactus Giant      Summ           0%         N/A       100%        6
 Dragon Form              Tmut           0%         N/A       100%        7
 Monstrous Menagerie      Summ           0%         N/A       100%        7
 Borgnjor's Revivificati  Necr           0%         N/A       100%        8
 Lehudib's Crystal Spear  Conj/Erth      0%         10d2      100%        8
 Necromutation            Tmut/Necr      0%         N/A       100%        8
 Death's Door             Necr           0%         N/A       100%        9

Inventory:

Hand Weapons
 a - a +7 eveningstar of draining (weapon)
 b - a +2 dagger of electrocution
 x - a +0 demon whip of venom
Missiles
 l - 9 silver javelins
 s - a throwing net {=f}
 u - 16 boomerangs (quivered)
 z - a curare-tipped dart {=f}
 D - 24 poisoned darts
 L - 8 silver boomerangs
Armour
 c - a +0 kite shield (worn)
 g - a +2 cloak (worn)
 h - the +7 chain mail "Peus" {rN++ Regen+ Int+4}
   (You bought it in a shop on level 2 of the Orcish Mines)

   Int:       It affects your intelligence (+4).
   rN:        It greatly protects you from negative energy.
   Regen:     It increases your rate of health regeneration.
 o - a +1 pair of gloves (worn)
 E - a +2 helmet of see invisible (worn)
 J - the +13 plate armour of the Fletcher (worn) {Rampage rCorr Dex+3}
   (You found it on level 4 of the Vaults)

   Dex:       It affects your dexterity (+3).
   rCorr:     It protects you from acid and corrosion.
   Rampage:   It bestows one free step when moving towards enemies.
 O - a +0 pair of boots of rampaging (worn)
Jewellery
 m - an amulet of faith (around neck) {!P}
 v - a ring of see invisible
 y - a +4 ring of slaying (right hand)
 F - a ring of protection from fire
 P - a ring of poison resistance (left hand)
 S - a +6 ring of strength
 W - a ring of willpower
 Y - a +4 ring of slaying
Wands
 t - a wand of acid (11)
 B - a wand of mindburst (8)
 I - a wand of polymorph (36)
 M - a wand of digging (27)
 Q - a wand of iceblast (30)
 T - a wand of flame (96)
 Z - a wand of paralysis (54)
Scrolls
 e - 5 scrolls of vulnerability
 k - a scroll of blinking
 n - 5 scrolls of teleportation {@r2}
 G - 6 scrolls of magic mapping
 K - 6 scrolls of fog
 N - 7 scrolls of enchant armour
 R - 5 scrolls of poison
 X - 4 scrolls of fear
Potions
 d - 2 potions of enlightenment
 f - 4 potions of mutation
 i - 7 potions of might
 j - 4 potions of ambrosia
 p - 6 potions of heal wounds {@q2}
 q - 3 potions of magic
 r - 4 potions of brilliance
 w - 4 potions of cancellation
 A - 6 potions of haste {@q3}
 C - 3 potions of resistance
 H - 6 potions of attraction
 U - 6 potions of curing {@q1}
 V - a potion of invisibility

Dungeon Overview and Level Annotations

Branches:
Dungeon (15/15)            Temple (1/1) D:5            Lair (5/5) D:9
  Swamp (4/4) Lair:3        Snake (4/4) Lair:2        Slime (0/5) Lair:4
    Orc (2/2) D:11            Elf (2/3) Orc:2        Vaults (5/5) D:13
  Crypt (1/3) Vaults:2     Depths (2/4) D:15         Bailey (visited)

Altars:
Ashenzari
Cheibriados
Dithmenos
Fedhas
Gozag
Hepliaklqana
Kikubaaqudgha
Makhleb
Nemelex Xobeh
Okawaru
Qazlal
Ru
Sif Muna
Trog
Uskayaw
Vehumet
Wu Jian
Xom
Yredelemnul
Jiyva

Shops:
D:7 :   D:9 [   Orc:2 [*=**   Vaults:2 *

Portals:
Hell: Depths:1 Depths:2
Abyss: Depths:1
Pandemonium: Orc:2 Depths:2
Ziggurat: Depths:2
Trove: D:11 (give horn of Geryon)

Annotations:
D:3 1 runed translucent door, exclusion: door, Crazy Yiuf, Ijyb
D:13 1 runed translucent door, greasedhog's ghost, journeyman FoHu
Lair:5 exclusion: obsidian statue
Swamp:1 2 transporters, exclusion: obsidian statue
Swamp:4 3 runed translucent doors, turdburglar's ghost, adept DsTm
Orc:1 2 transporters, Soghihiz's ghost, journeyman TeMo
Orc:2 1 runed translucent door, roninjake's ghost, journeyman DsFi
Elf:2 3 runed translucent doors
Vaults:2 3 runed translucent doors, exclusions: 3 doors and simulacrum, Reyb's ghost, veteran DsGl
Vaults:5 Boris

## .⌠. ▒▒▒ ▒..(..▒....#. .# .✱G
.$▒▒▒▒)▒▒▒▒#####. .#####▒
▒▒C▒▒▒▒#'#▒▒.)..#.#......
......#
#✱.;.▒.....▒....#.#.#.###
#####.#.#...C▒.....'....'.#...#
# #.#DH...H'uy▒..▒....#.#..<# #
#.#)#....▒HGC..▒##'####...# #
#.####+##▒DCCR.▒....#.....# #
#...# ▒##@##▒#####.#...# #
#...######....)#......#...# #
#...)....#######.###.##...# #
#...###..........# #......# #
#...# #...###^..## ####(..#
#...# #...# #...# #...# #####
##### ##### #####


You could see a walking divine tome, a fire giant, an ice dragon, 2 sphinxes, a
stone giant, a purple ugly thing, 3 ettins, a rakshasa, a spark wasp, 2 floating
eyes and 2 living smiting commandments.


Message History

* * * LOW HITPOINT WARNING * * *
The living spell casts itself at you. Something smites you!
* * * LOW HITPOINT WARNING * * *
The floating eye gazes piercingly through you!
You suddenly lose the ability to move!
The ettin barely misses you. The ettin hits you but does no damage.
The walking divine tome erupts in a flurry of living spells!
The living spell casts itself at you. Something smites you!
* * * LOW HITPOINT WARNING * * *
The fire giant hits you but does no damage.
The rakshasa hits you but does no damage.
You feel drained.
The ettin hits you with a +0 dire flail.
* * * LOW HITPOINT WARNING * * *
The ettin hits you but does no damage.
The fire giant hits you with a +2 great sword of flaming!
* * * LOW HITPOINT WARNING * * *
The fire giant burns you.
* * * LOW HITPOINT WARNING * * *
A floating eye comes into view.
The rakshasa hits you but does no damage.
You feel drained. The living spell casts itself at you. Something smites you!
* * * LOW HITPOINT WARNING * * *
The living spell casts itself at you. Something smites you!
You die...

Skill      XL: |  1  2  3  4  5  6  7  8  9 10 11 12 13 14 15 16 17 18 19 20 21 |
---------------+----------------------------------------------------------------+-----
Maces & Flails | 2 3 5 7 8 9 10 14 15 16 | 16.0
Fighting       | 5 8 10 12 13 17 18 | 18.0
Throwing       | 3 |  3.0
Armour         | 5 8 10 11 | 11.5
Dodging        | 5 10 | 10.0
Shields        | 5 8 10 | 10.0
Invocations    | 4 8 10 14 16 20 22 24 25 | 25.0
Stealth        | 4 5 11 15 18 | 18.0
Short Blades   | 3 10 | 10.0
Unarmed Combat | 2 |  2.0

Action                     |  1- 3 |  4- 6 |  7- 9 | 10-12 | 13-15 | 16-18 | 19-21 || total
---------------------------+-------+-------+-------+-------+-------+-------+-------++-------
  Melee: Flail             |    82 |   174 |   449 |   631 |       |       |       ||  1336
         Demon whip        |       |       |       |   122 |  1750 |   517 |       ||  2389
         Dagger            |       |       |       |       |    48 |    88 |   123 ||   259
         Tailslap          |       |       |       |       |   311 |   234 |   325 ||   870
         Eveningstar       |       |       |       |       |       |   697 |  1218 ||  1915
  Throw: Boomerang         |       |       |     5 |     1 |     5 |     1 |     2 ||    14
 Invoke: Stomp             |       |       |     2 |     8 |    34 |    28 |    43 ||   115
         Line Pass         |       |       |       |     4 |     8 |     8 |     3 ||    23
         Grand Finale      |       |       |       |     1 |     1 |     6 |     2 ||    10
  Evoke: Wand              |       |       |       |       |     8 |     4 |     2 ||    14
    Use: Potion            |     1 |       |     2 |     3 |     2 |    10 |     1 ||    19
         Scroll            |       |     8 |     9 |     5 |    11 |    12 |    12 ||    57
   Stab: Paralysed         |       |       |     4 |    57 |   137 |   137 |   179 ||   514
         Confused          |       |       |       |     4 |     6 |     4 |       ||    14
         Distracted        |       |       |       |     1 |     3 |       |     5 ||     9
         Sleeping          |       |       |       |       |       |     1 |    20 ||    21
 Armour: Scale mail        |    35 |    68 |   129 |       |       |       |       ||   232
         Skin              |       |       |    19 |       |       |       |       ||    19
         Chain mail        |       |       |    71 |   377 |   564 |   503 |   390 ||  1905
         Plate armour      |       |       |       |       |       |       |   166 ||   166
  Dodge: Dodged            |    29 |    80 |   194 |   363 |   544 |   512 |   610 ||  2332
         Repelled          |       |       |       |       |       |    34 |     8 ||    42
  Block: Buckler           |    14 |    36 |    96 |   187 |   289 |    88 |       ||   710
         Kite shield       |       |       |       |       |       |   331 |   651 ||   982

Levels and vault maps discovered:
D:1:      sevenhm_arrival_forest_fort_small_5, layout_basic,
          basic_ecumenical_altar
D:2:      layout_loops_cross, uniq_sigmund
D:3:      layout_loops_ring, amethyst_overflow_temple_binary,
          nicolae_overflow_hidden_temple, st_stairs_7, uniq_natasha,
          uniq_crazy_yiuf_cottage, uniq_robin, uniq_ijyb
D:4:      layout_basic, st_stairs_14, grunt_decor_fettered
D:5:      layout_rooms, minmay_temple_entry_antechambers
D:6:      layout_rooms, doesnt_xom_only_xom, kennysheep_opposing_triangles
D:7:      layout_basic, nicolae_uskayaw_murder_on_the_dancefloor, serial_shops,
          shop
D:8:      layout_loops_ring, lightli_bailey_entry_fortress,
          nicolae_concentric_dashed_squares_mild
D:9:      layout_layer_cave, hellmonk_lair_entry_icy, serial_shops, shop,
          serial_bayou, serial_bayou_lagoon_a, serial_bayou_shore_b,
          serial_bayou_pond_e, serial_bayou_shore_a, uniq_maggie
D:10:     layout_loops_ring, chequers_temple_overflow_minitemple,
          chequers_avenue, grunt_ministairs_5, uniq_lodul
D:11:     layout_loops_corners, erik_orc_4, nicolae_trove_entry_crystal
D:12:     layout_gridville
D:13:     layout_grid_maze, grunt_vaults_entry_tiered, ebering_ghost_inner_flame
D:14:     layout_cave_pools, kennysheep_nondescript
D:15:     grunt_enter_depths_giant_problem, layout_loops_cross,
          minmay_misc_feat_x
Temple:   compressed_dpeg_circular_temple
Lair:1:   layout_layer_cave
Lair:2:   layout_misc_corridors, nicolae_snake_entry_squirm
Lair:3:   layout_cellular_growth, minmay_swamp_entry_worms, uniq_amaemon
Lair:4:   layout_hall_layers, minmay_slime_entry_eyes
Lair:5:   due_jungle_book, layout_layer_cave, serial_bayou_pond_c
Swamp:1:  gammafunk_sealed_arena, layout_basic_swamp, serial_swamp_ruin,
          evilmike_swamp_ruin_rubble_2, evilmike_swamp_ruin_house_1, uniq_donald
Swamp:2:  layout_falls_marsh, evilmike_swamp_ruin_house_4
Swamp:3:  layout_falls_marsh, evilmike_swamp_ruin_house_3
Swamp:4:  swamp_alternative, layout_basic_swamp, gammafunk_ghost_hydra_chop
Snake:1:  layout_grid_maze, nicolae_triple_integral
Snake:2:  layout_gridlike, uniq_aizul
Snake:3:  kennysheep_six_static_rooms, layout_cave_shapes, uniq_vashnia,
          uniq_kirke
Snake:4:  grunt_snake_rune_serpentine_throne, layout_gridlike,
          nicolae_snake_mages_go_home
Orc:1:    layout_caves, basic_altar, gammafunk_ghost_stat_death
Orc:2:    pf_orc_diabolical, layout_diamond_mine, serial_shops, shop,
          gammafunk_ghost_grave
Elf:1:    elf_arrival_002, layout_geoelf_octagon, serial_glass, glass_columns_b,
          glass_columns_c, glass_columns_c, glass_columns_b, glass_columns_a,
          glass_columns_b, glass_columns_b, glass_columns_a, glass_columns_a,
          glass_columns_c, kennysheep_underground_church,
          dreamdust_mushroom_princess
Elf:2:    elven_hall_of_blades_hangedman_original
          [nicolae_blade_entry_antechamber], layout_loops_cross, minivault_11,
          grunt_ministairs_6
Vaults:1: hangedman_vaults_nails, dpeg_vaults_monster_row,
          nicolae_vaults_diagonal_hallway_9, vaults_room_door_hall, v_misc_5,
          nicolae_vaults_steering_wheel, hangedman_vaults_snaps,
          vaults_room_door_ring, grunt_vaults_diagonal, kb_rosetta,
          hangedman_vaults_stretched_pinwheel, v_alt_pattern_1,
          nicolae_vaults_tetromino_Z_1, layout_vaults_omnibox
Vaults:2: gammafunk_ghost_necromancy, nicolae_vaults_storage_room_doors,
          minmay_crypt_entry_simple_sparse, nicolae_vaults_angled_halls,
          nicolae_vaults_heart-shaped_vault, vaults_mumra_lcd,
          hangedman_vaults_maws, ontoclasm_vaults_eye, vaults_room_semicircle,
          layout_vaults_big_room, serial_shops, nicolae_shop_behind_doors,
          uniq_margery, uniq_saint_roka
Vaults:3: hangedman_vaults_corner_blocks, grunt_vaults_hallway_short, v_rooms_2,
          hangedman_vaults_slice, hangedman_vaults_nails, v_misc_28,
          nicolae_vaults_house_3, nicolae_vaults_tetromino_T_2,
          nicolae_vaults_big_ls, v_misc_32, nicolae_vaults_tetromino_Z_2,
          nicolae_vaults_tetromino_L_2, nicolae_vaults_house_2,
          nicolae_vaults_holding_cells, nicolae_vaults_trapezoid_3,
          layout_vaults_big_cross
Vaults:4: v_misc_10, nicolae_vaults_stepped_doors, nicolae_vaults_tetromino_T_1,
          v_pattern_3, nicolae_vaults_what_the_h, hangedman_vaults_capsules,
          nicolae_vaults_weapon_check, grunt_vaults_hallway_short,
          nicolae_vaults_little_squares_3, ontoclasm_vaults_shuriken,
          vaults_room_fancy_cross, vaults_dpeg_hooks,
          nicolae_vaults_apartment_2, layout_vaults_ring
Vaults:5: uniq_boris
Crypt:1:  hangedman_staggered_hall, layout_regular_city, grunt_ministairs_6,
          st_stairs_4
Depths:1: layout_long_grid, nicolae_abyss_entry_one_way_or_another,
          dreamdust_wishing_well, hell_entry, minmay_fountain_box,
          tso_metal_star, grunt_megastairs_1
Depths:2: hangedman_box_tower, layout_long_grid, enter_ziggurat_b,
          grunt_pan_entry_zigzag, grunt_hell_entry_dis_old, kennysheep_doodads,
          nrook_pool_corridor

Notes
Turn   | Place    | Note
-------+----------+-------------------------------------------
     0 | D:1      | Drazool the Demonspawn Fighter began the quest for the Orb.
     0 | D:1      | Reached XP level 1. HP: 18/18 MP: 1/1
   108 | D:1      | Reached skill level 2 in Maces & Flails
   201 | D:1      | Gained mutation: A weak demonic guardian rushes to your
                  | aid. [demonic ancestry]
   201 | D:1      | Reached XP level 2. HP: 24/24 MP: 2/2
   230 | D:1      | Found a faded altar of an unknown god.
   325 | D:1      | You fall into a shaft and drop 1 floor!
   591 | D:1      | Reached skill level 3 in Maces & Flails
   855 | D:2      | Gained mutation: You regenerate magic rapidly. [demonic
                  | ancestry]
   855 | D:2      | Reached XP level 3. HP: 29/29 MP: 3/3
  1028 | D:2      | Noticed Sigmund
  1043 | D:2      | Killed Sigmund
  1044 | D:2      | Reached skill level 5 in Maces & Flails
  1044 | D:2      | Reached XP level 4. HP: 21/35 MP: 4/4
  1044 | D:2      | Gained mutation: A demonic guardian rushes to your aid.
                  | [demonic ancestry]
  1044 | D:2      | Reached XP level 5. HP: 24/41 MP: 5/5
  1266 | D:2      | Identified the +8 chain mail of Boiling Hail {Will++ Str-4
                  | Int+4}
  1661 | D:3      | Found a burning altar of Makhleb.
  1729 | D:3      | Noticed Robin
  1741 | D:3      | Killed Robin
  2064 | D:3      | Noticed Natasha
  2075 | D:3      | Reached XP level 6. HP: 47/47 MP: 6/6
  2080 | D:3      | Killed Natasha
  2095 | D:3      | Found a sparkling altar of Nemelex Xobeh.
  2097 | D:3      | Noticed Ijyb
  2141 | D:3      | Found an ancient bone altar of Kikubaaqudgha.
  2141 | D:3      | Found a hazy altar of Hepliaklqana.
  2345 | D:3      | Reached skill level 6 in Maces & Flails
  2547 | D:3      | Noticed Natasha
  2561 | D:3      | Killed Natasha
  2626 | D:3      | Noticed Natasha
  2632 | D:3      | Killed Natasha
  2774 | D:3      | Found a runed translucent door.
  2775 | D:3      | Noticed Crazy Yiuf
  3445 | D:3      | Reached skill level 7 in Maces & Flails
  3464 | D:4      | Reached XP level 7. HP: 48/52 MP: 7/7
  3577 | D:5      | Entered Level 5 of the Dungeon
  3829 | D:5      | Found a staircase to the Ecumenical Temple.
  3839 | Temple   | Entered the Ecumenical Temple
  3986 | D:5      | Reached skill level 8 in Maces & Flails
  4588 | D:6      | Gained mutation: When hurt, damage is shared between your
                  | health and your magic reserves. [demonic ancestry]
  4588 | D:6      | Reached XP level 8. HP: 58/58 MP: 8/8
  4648 | D:6      | Reached skill level 9 in Maces & Flails
  4783 | D:6      | Reached skill level 4 in Fighting
  5046 | D:6      | Reached skill level 5 in Fighting
  5046 | D:6      | Reached skill level 1 in Throwing
  5055 | D:6      | Found a sacrificial altar of Ru.
  5057 | D:6      | Found an ancient bone altar of Kikubaaqudgha.
  5057 | D:6      | Found a shimmering altar of Xom.
  5060 | D:6      | Found an iron altar of Okawaru.
  5060 | D:6      | Found a shimmering altar of Xom.
  5187 | D:6      | Reached skill level 2 in Throwing
  5494 | D:7      | Reached skill level 3 in Throwing
  5547 | D:7      | Reached skill level 3 in Armour
  5614 | D:7      | Found Agudd's Book Boutique.
  6047 | D:7      | Found a hide-covered altar of Uskayaw.
  6056 | D:7      | Became a worshipper of Uskayaw the Reveller
  6398 | D:8      | Found a flagged portal.
  6413 | D:8      | Reached * piety under Uskayaw
  6421 | Bailey   | Entered a bailey
  6497 | Bailey   | Reached ** piety under Uskayaw
  6678 | Bailey   | Noticed a gargoyle
  6720 | Bailey   | Killed a gargoyle
  6721 | Bailey   | Reached skill level 5 in Armour
  6721 | Bailey   | Gained mutation: You are surrounded by a mild repulsion
                  | field. (EV +2) [demonic ancestry]
  6721 | Bailey   | Reached XP level 9. HP: 46/68 MP: 6/9
  6940 | Bailey   | Reached skill level 1 in Dodging
  7051 | Bailey   | Identified the +8 spear of Greed {speed, *Rage rF+ Str+2}
  7086 | Bailey   | Reached skill level 2 in Dodging
  7087 | Bailey   | Reached *** piety under Uskayaw
  7090 | Bailey   | Reached **** piety under Uskayaw
  7091 | Bailey   | Reached skill level 3 in Dodging
  7234 | Bailey   | Reached skill level 4 in Dodging
  7531 | D:8      | Reached skill level 5 in Dodging
  7531 | D:8      | Reached skill level 3 in Shields
  7597 | D:8      | Noticed a cyclops
  7610 | D:8      | Killed a cyclops
  7611 | D:8      | Reached skill level 5 in Shields
  7702 | D:8      | Reached skill level 2 in Invocations
  7708 | D:8      | Reached ***** piety under Uskayaw
  7709 | D:8      | Reached skill level 3 in Invocations
  7714 | D:8      | Reached skill level 4 in Invocations
  7717 | D:8      | Reached ****** piety under Uskayaw
  7720 | D:8      | Reached XP level 10. HP: 69/74 MP: 11/13
  7722 | D:8      | Reached skill level 5 in Invocations
  7798 | D:8      | Paralysed by a hornet for 2 turns
  8389 | D:9      | Reached skill level 6 in Invocations
  8727 | D:9      | Reached skill level 6 in Fighting
  8757 | D:9      | Found Robbitzo's Armour Emporium.
  8765 | D:9      | Bought a +0 pair of boots of rampaging for 161 gold pieces
  8857 | D:9      | Reached skill level 7 in Invocations
  9121 | D:9      | Noticed Maggie
  9139 | D:9      | Killed Maggie
  9331 | D:9      | Reached skill level 7 in Fighting
  9331 | D:9      | Reached skill level 8 in Invocations
  9349 | D:9      | Found a staircase to the Lair.
  9357 | D:9      | Reached skill level 8 in Fighting
  9368 | D:9      | Reached skill level 1 in Stealth
  9740 | D:10     | Entered Level 10 of the Dungeon
  9966 | D:10     | Reached skill level 2 in Stealth
 10066 | D:10     | Reached skill level 3 in Stealth
 10312 | D:10     | Found a radiant altar of Vehumet.
 10312 | D:10     | Found a snail-covered altar of Cheibriados.
 10320 | D:10     | Found an iron altar of Okawaru.
 10322 | D:10     | Found a stormy altar of Qazlal.
 10324 | D:10     | Found a sacrificial altar of Ru.
 10411 | D:10     | Reached skill level 4 in Stealth
 10411 | D:10     | Reached XP level 11. HP: 75/86 MP: 14/17
 10515 | D:10     | Noticed Lodul
 11100 | D:10     | Reached skill level 5 in Stealth
 11354 | D:10     | Killed Lodul
 11732 | Lair:1   | Entered Level 1 of the Lair of Beasts
 11737 | Lair:1   | Reached skill level 9 in Fighting
 11937 | Lair:1   | Reached skill level 10 in Fighting
 13118 | Lair:1   | Reached skill level 9 in Invocations
 13320 | Lair:1   | Reached skill level 10 in Invocations
 13347 | Lair:2   | Noticed a skyshark
 13362 | Lair:2   | Reached skill level 10 in Maces & Flails
 13365 | Lair:2   | Killed a skyshark
 13519 | Lair:2   | Gained mutation: A powerful demonic guardian rushes to your
                  | aid. [demonic ancestry]
 13519 | Lair:2   | Reached XP level 12. HP: 74/97 MP: 17/19
 13673 | Lair:2   | Noticed a four-headed hydra
 13683 | Lair:2   | Killed a four-headed hydra
 13684 | Lair:2   | Reached skill level 11 in Maces & Flails
 14118 | Lair:2   | Found a staircase to the Snake Pit.
 14517 | Lair:2   | Reached skill level 12 in Maces & Flails
 15115 | Lair:3   | Noticed Amaemon
 15130 | Lair:3   | Killed Amaemon
 15326 | Lair:3   | Reached skill level 13 in Maces & Flails
 15475 | Lair:3   | Found a staircase to the Swamp.
 15709 | Lair:3   | Noticed a four-headed hydra
 15721 | Lair:3   | Killed a four-headed hydra
 15722 | Lair:3   | Reached skill level 14 in Maces & Flails
 15902 | Lair:4   | Noticed a death yak
 15902 | Lair:4   | Noticed a death yak
 15902 | Lair:4   | Noticed a death yak
 15903 | Lair:4   | Noticed a death yak
 15916 | Lair:4   | Killed a death yak
 15921 | Lair:4   | Killed a death yak
 15928 | Lair:4   | Killed a death yak
 15929 | Lair:4   | Reached XP level 13. HP: 67/103 MP: 6/20
 16370 | Lair:4   | Found a staircase to the Slime Pits.
 16372 | Lair:4   | Found a viscous altar of Jiyva.
 16374 | Lair:4   | Paralysed by a floating eye for 3 turns
 16410 | Lair:4   | Reached skill level 11 in Invocations
 16920 | Lair:4   | Reached skill level 11 in Fighting
 16931 | Lair:4   | Reached skill level 12 in Invocations
 17314 | Lair:4   | Identified the +0 scale mail "Lorouwn" {rPois rN+ Dex+2}
 17501 | Lair:5   | Entered Level 5 of the Lair of Beasts
 17774 | Lair:5   | Reached skill level 12 in Fighting
 17864 | Lair:5   | Identified the +5 scimitar of the Middle {freeze, rPois
                  | Str+9 Int-3 Stlth-}
 18069 | Lair:5   | Reached skill level 13 in Invocations
 18177 | Lair:5   | Identified the +4 dagger of Bloody Death {venom, Fragile
                  | rF++ rC+ SInv}
 18311 | Lair:5   | Noticed a dire elephant
 18311 | Lair:5   | Noticed a dire elephant
 18313 | Lair:5   | Noticed a dire elephant
 18324 | Lair:5   | Noticed a dire elephant
 18346 | Lair:5   | Killed a dire elephant
 18347 | Lair:5   | Reached skill level 1 in Short Blades
 18695 | Lair:5   | Identified the +0 long sword of Cieq {drain, *Rage rF+
                  | Stlth+}
 18788 | Lair:5   | Reached skill level 2 in Short Blades
 19552 | Lair:5   | Killed a dire elephant
 19553 | Lair:5   | Reached skill level 3 in Short Blades
 19553 | Lair:5   | Reached skill level 14 in Invocations
 20331 | Lair:5   | Gained mutation: You have a small tail. [demonic ancestry]
 20331 | Lair:5   | Reached XP level 14. HP: 102/115 MP: 21/24
 20397 | Lair:5   | Reached skill level 4 in Short Blades
 21664 | D:11     | Found a staircase to the Orcish Mines.
 21822 | D:11     | Reached skill level 5 in Short Blades
 21822 | D:11     | Reached skill level 15 in Invocations
 21995 | D:11     | Found a portal to a secret trove of treasure.
 23143 | D:12     | Reached skill level 6 in Short Blades
 23547 | Orc:1    | Entered Level 1 of the Orcish Mines
 23701 | Orc:1    | Found a transporter.
 23709 | Orc:1    | Noticed Soghihiz's ghost (journeyman TeMo)
 23736 | Orc:1    | Found a transporter.
 24187 | Orc:2    | Entered Level 2 of the Orcish Mines
 24243 | Orc:2    | Found Jevirch's General Store.
 24243 | Orc:2    | Found Ymery's General Store.
 24501 | Orc:2    | Reached skill level 16 in Invocations
 24796 | Orc:2    | Bought a scroll of identify for 30 gold pieces
 24796 | Orc:2    | Bought a scroll of blinking for 112 gold pieces
 24995 | Orc:2    | Found Xezas's General Store.
 25003 | Orc:2    | Bought a +1 helmet of see invisible for 280 gold pieces
 25028 | Orc:2    | Found a staircase to the Elven Halls.
 25063 | Orc:2    | Reached skill level 7 in Short Blades
 25076 | Orc:2    | Found a runed translucent door.
 25076 | Orc:2    | Noticed roninjake's ghost (journeyman DsFi)
 25831 | Orc:2    | Reached skill level 8 in Short Blades
 26173 | Orc:2    | Reached skill level 9 in Short Blades
 26684 | Orc:2    | Found Omnen's Jewellery Emporium.
 26684 | Orc:2    | Found Erchicug's Antique Armour Shoppe.
 26685 | Orc:2    | Found a one-way gate leading to the halls of Pandemonium.
 26689 | Orc:2    | Bought a pitted chain mail for 190 gold pieces
 26689 | Orc:2    | Identified the +7 chain mail "Peus" {rN++ Regen+ Int+4}
                  | (You bought it in a shop on level 2 of the Orcish Mines)
 27234 | D:13     | Reached skill level 10 in Short Blades
 27260 | D:13     | Gained mutation: You are surrounded by a moderate repulsion
                  | field. (EV +3) [demonic ancestry]
 27260 | D:13     | Reached XP level 15. HP: 117/120 MP: 20/27
 27353 | D:13     | Found a gate to the Vaults.
 27384 | D:13     | Reached skill level 17 in Invocations
 27530 | D:13     | Found a runed translucent door.
 27531 | D:13     | Noticed greasedhog's ghost (journeyman FoHu)
 28170 | D:14     | You are cast into the Abyss!
 28170 | Abyss:3  | Cast into level 3 of the Abyss (a wizard)
 28198 | Abyss:3  | Found a corrupted altar of Lugonu.
 28234 | D:14     | You pass through the gate.
 28234 | D:14     | Escaped the Abyss
 28347 | D:14     | Reached skill level 18 in Invocations
 28426 | D:14     | Identified a potion of resistance
 28676 | D:15     | Entered Level 15 of the Dungeon
 28831 | D:15     | Reached skill level 19 in Invocations
 29230 | D:15     | Found a staircase to the Depths.
 29230 | D:15     | Noticed a fire giant
 29339 | D:15     | Reached skill level 20 in Invocations
 29428 | D:15     | Killed a fire giant
 29734 | Snake:1  | Entered Level 1 of the Snake Pit
 30168 | Snake:1  | Reached skill level 13 in Fighting
 30617 | Snake:1  | Gained mutation: You are surrounded by a strong repulsion
                  | field. (EV +4, RMsl) [demonic ancestry]
 30617 | Snake:1  | Reached XP level 16. HP: 124/131 MP: 18/30
 30722 | Snake:1  | HP: 9/131 [naga/+0 battleaxe (6)]
 30944 | Snake:2  | Reached skill level 14 in Fighting
 31438 | Snake:2  | Noticed Aizul
 31452 | Snake:2  | Killed Aizul
 31454 | Snake:2  | Reached skill level 15 in Fighting
 32047 | Snake:3  | Noticed Vashnia
 32376 | Snake:2  | Killed Vashnia
 32559 | Snake:3  | Reached skill level 16 in Fighting
 32929 | Snake:3  | Noticed Kirke
 32936 | Snake:3  | Killed Kirke
 33179 | Swamp:1  | Entered Level 1 of the Swamp
 33255 | Swamp:1  | Found a transporter.
 33259 | Swamp:1  | Noticed a tentacled monstrosity
 33266 | Swamp:1  | Noticed a thorn hunter
 33269 | Swamp:1  | Found a transporter.
 33343 | Swamp:1  | Reached skill level 17 in Fighting
 33564 | Swamp:1  | Noticed Donald
 33583 | Swamp:1  | HP: 11/128 [eleionoma (6)]
 33730 | Swamp:1  | Killed Donald
 33878 | Swamp:1  | Reached XP level 17. HP: 141/146 MP: 29/31
 34213 | Swamp:2  | Identified a scroll of acquirement
 34453 | Swamp:2  | Acquired a manual of Stealth
 34475 | Swamp:2  | Reached skill level 6 in Armour
 34475 | Swamp:2  | Reached skill level 6 in Shields
 34615 | Swamp:2  | Found the +5 robe of Night {Dark Will+ SInv}
 35584 | Snake:4  | Entered Level 4 of the Snake Pit
 35596 | Snake:4  | Reached skill level 7 in Armour
 35596 | Snake:4  | Reached skill level 7 in Shields
 36035 | Snake:4  | Reached skill level 15 in Maces & Flails
 36331 | Snake:4  | Reached skill level 8 in Armour
 36331 | Snake:4  | Reached skill level 8 in Shields
 36589 | Snake:4  | Reached XP level 18. HP: 146/155 MP: 29/32
 36729 | Snake:4  | Got a serpentine rune of Zot
 37122 | Swamp:4  | Entered Level 4 of the Swamp
 37136 | Swamp:4  | Reached skill level 9 in Armour
 37136 | Swamp:4  | Reached skill level 9 in Shields
 37425 | Swamp:4  | Got a decaying rune of Zot
 37497 | Swamp:4  | Reached skill level 16 in Maces & Flails
 37776 | Swamp:4  | Found a runed translucent gate.
 37776 | Swamp:4  | Found a runed translucent gate.
 37776 | Swamp:4  | Found a runed translucent gate.
 37778 | Swamp:4  | Noticed turdburglar's ghost (adept DsTm)
 37836 | Swamp:4  | Reached skill level 10 in Armour
 37836 | Swamp:4  | Reached skill level 10 in Shields
 37915 | Swamp:4  | Reached skill level 6 in Stealth
 38234 | Elf:1    | Entered Level 1 of the Elven Halls
 38251 | Elf:1    | Reached skill level 7 in Stealth
 38401 | Elf:1    | Reached skill level 8 in Stealth
 38541 | Elf:1    | Reached skill level 9 in Stealth
 38655 | Elf:1    | Reached skill level 10 in Stealth
 38671 | Elf:1    | You are cast into the Abyss!
 38671 | Abyss:3  | Cast into level 3 of the Abyss (a deep elf sorcerer)
 38698 | Abyss:3  | Found a corrupted altar of Lugonu.
 38700 | Abyss:3  | Noticed a bone dragon
 38705 | Abyss:3  | Found a corrupted altar of Lugonu.
 38710 | Abyss:3  | Found a corrupted altar of Lugonu.
 38710 | Abyss:3  | Noticed a bone dragon
 38710 | Abyss:3  | Found a corrupted altar of Lugonu.
 38721 | Elf:1    | You pass through the gate.
 38721 | Elf:1    | Escaped the Abyss
 39176 | Elf:2    | Found a runed translucent gate.
 39186 | Elf:2    | Reached skill level 11 in Stealth
 39189 | Elf:2    | Found a runed translucent gate.
 39190 | Elf:2    | Found a runed translucent gate.
 39217 | Elf:2    | Gained mutation: You have a tail ending in a sharp stinger.
                  | [demonic ancestry]
 39217 | Elf:2    | Reached XP level 19. HP: 161/161 MP: 33/33
 39246 | Elf:2    | Acquired a manual of Maces & Flails
 39405 | Elf:2    | Reached skill level 12 in Stealth
 40016 | Vaults:1 | Entered Level 1 of the Vaults
 40130 | Vaults:1 | Reached skill level 21 in Invocations
 40368 | Vaults:1 | Reached skill level 13 in Stealth
 40546 | Vaults:1 | Reached skill level 14 in Stealth
 40827 | Vaults:1 | Reached skill level 22 in Invocations
 41405 | Vaults:1 | Upgraded the game from 0.31-a0-75-g6fe912e8c5 to
                  | 0.31-a0-83-gbff143cfd1
 41853 | Vaults:2 | Found Poifrez's Assorted Antiques.
 41859 | Vaults:2 | Bought a scroll of enchant weapon for 255 gold pieces
 41932 | Vaults:2 | Reached skill level 15 in Stealth
 42082 | Vaults:2 | Noticed Saint Roka
 42284 | Vaults:2 | Found a staircase to the Crypt.
 42396 | Vaults:2 | Reached XP level 20. HP: 144/168 MP: 30/35
 42569 | Vaults:2 | Found a runed translucent gate.
 42569 | Vaults:2 | Found a runed translucent gate.
 42569 | Vaults:2 | Found a runed translucent gate.
 42616 | Vaults:2 | Reached skill level 23 in Invocations
 42870 | Vaults:2 | Killed Saint Roka
 42912 | Vaults:2 | Noticed Reyb's ghost (veteran DsGl)
 43166 | Vaults:3 | Reached skill level 1 in Unarmed Combat
 43172 | Vaults:3 | Reached skill level 2 in Unarmed Combat
 43309 | Vaults:3 | Reached skill level 18 in Fighting
 43605 | Vaults:3 | Paralysed by a sphinx for 4 turns
 43756 | Vaults:3 | Reached skill level 24 in Invocations
 43819 | Vaults:3 | Reached skill level 16 in Stealth
 44713 | Vaults:4 | Reached skill level 17 in Stealth
 44720 | Vaults:3 | Paralysed by a formless jellyfish for 1 turns
 45127 | Vaults:4 | Identified the +8 hand axe of the Crypt {pain, rElec}
 45465 | Vaults:4 | Reached skill level 18 in Stealth
 45507 | Vaults:4 | Gained mutation: You punish those that try to bend your
                  | will. (Will+) [demonic ancestry]
 45507 | Vaults:4 | Reached XP level 21. HP: 177/177 MP: 37/37
 45601 | Vaults:4 | Identified the +7 chain mail of Dishonesty {Contam rPois
                  | Will+}
 45699 | Vaults:4 | Reached skill level 6 in Dodging
 46051 | Vaults:4 | Identified the +1 helmet of Amorality {rCorr Str+5 Int-4
                  | Dex+3}
 46075 | Vaults:4 | Identified the +2 dagger "Sitz" {holy, Int+3}
 46231 | Vaults:4 | Reached skill level 7 in Dodging
 46309 | Vaults:4 | Identified the +13 plate armour of the Fletcher {Rampage
                  | rCorr Dex+3}
 46459 | Vaults:5 | Entered Level 5 of the Vaults
 46459 | Vaults:5 | Noticed Boris
 46530 | Crypt:1  | Entered Level 1 of the Crypt
 46531 | Crypt:1  | Noticed a curse skull
 46825 | Vaults:2 | Killed a curse skull
 47226 | Crypt:1  | Reached skill level 8 in Dodging
 47717 | Depths:1 | Entered Level 1 of the Depths
 47878 | Depths:1 | You fall into a shaft and drop 1 floor!
 47880 | Depths:2 | Reached skill level 9 in Dodging
 47896 | Depths:1 | Found a gateway to Hell.
 48139 | Depths:1 | Upgraded the game from 0.31-a0-83-gbff143cfd1 to
                  | 0.31-a0-95-g6fa058ef04
 48652 | Depths:1 | Reached skill level 10 in Dodging
 48826 | Depths:1 | Found a one-way gate to the infinite horrors of the Abyss.
 48826 | Depths:1 | Noticed Louise
 48841 | Depths:1 | Killed Louise
 49848 | Depths:2 | Found a one-way gateway to a ziggurat.
 50081 | Depths:2 | Reached skill level 11 in Armour
 50646 | Depths:2 | Noticed a golden dragon
 50654 | Depths:2 | Killed a golden dragon
 50692 | Depths:2 | Reached skill level 25 in Invocations
 50776 | Depths:2 | Paralysed by a floating eye for 2 turns
 50782 | Depths:2 | Paralysed by a floating eye for 4 turns
 50784 | Depths:2 | HP: 17/175 [fire giant/+2 great sword of flaming (4)]
 50784 | Depths:2 | HP: 6/174 [living spell/divine providence[a walking divine
                  | tome] (11)]
 50784 | Depths:2 | Killed from afar by a living spell

Vanquished Creatures
  Saint Roka (Vaults:2)
  Vashnia (Snake:2)
  A walking crystal tome (Depths:2)
  2 liches (Crypt:1)
  2 sphinxes
  A thorn hunter (Swamp:4)
  Kirke (Snake:3)
  A fenstrider witch (Swamp:4)
  A revenant (Vaults:2)
  Donald (Swamp:1)
  5 frost giants
  5 nagarajas
  An iron dragon (Depths:2)
  Aizul (Snake:2)
  4 fire giants
  A deep elf sorcerer (Elf:1)
  Louise (Depths:1)
  11 vault wardens
  A balrug (Depths:2)
  An orc warlord (Vaults:4)
  21 ironbound preservers
  2 war gargoyles
  11 ironbound thunderhulks
  3 very ugly things
  12 stone giants
  9 eleionomae
  11 dire elephants
  5 bunyips
  6 spark wasps
  2 formless jellyfish (Vaults:3)
  6 yaktaur captains
  4 jiangshi
  4 ettins
  A deep elf death mage (Crypt:1)
  2 entropy weavers
  6 fire dragons
  A deep elf high priest (Elf:1)
  6 great orbs of eyes
  17 hydras
  A spriggan air mage (Depths:1)
  12 vault guards
  3 rakshasas
  14 anacondas
  7 ironbound frosthearts
  5 ice dragons
  2 demonspawn (Orc:2)
  A salamander tyrant (Snake:4)
  3 catoblepae
  2 ogre magi (D:15)
  9 centaur warriors
  4 boulder beetles
  10 alligators
  8 dancing weapons
  9 two-headed ogres (D:15)
  2 peacekeepers
  A ghost crab (Swamp:1)
  3 vampire magi
  4 death yaks (Lair:4)
  8 tengu warriors
  17 naga warriors
  5 orc high priests (Orc:2)
  A spriggan berserker (Depths:1)
  A deep troll shaman (Depths:2)
  20 naga sharpshooters
  11 shock serpents
  2 skysharks (Lair:2)
  2 spectral dire elephants (Lair:5)
  A skeletal warrior (Crypt:1)
  4 deep elf knights
  Amaemon (Lair:3)
  A spectral death yak (Lair:5)
  10 salamander mystics
  8 goliath frogs
  An iron troll (Depths:2)
  An iron giant zombie (Crypt:1)
  An elf simulacrum (Crypt:1)
  Lodul (D:10)
  57 deep trolls
  9 spriggan druids
  A glowing orange brain (Vaults:2)
  2 bog bodies
  A flayed ghost (Depths:2)
  6 naga ritualists
  10 swamp dragons
  A spectral anaconda (Lair:5)
  14 deep elf archers
  8 wizards
  22 deep elf zephyrmancers
  20 deep elf pyromancers
  7 orc knights
  4 lindwurms
  A mana viper (shapeshifter) (Elf:2)
  10 mana vipers
  7 necromancers
  22 ugly things
  16 ironbound convokers
  5 orc sorcerers
  6 cyclopes
  3 phantasmal warriors
  7 will-o-the-wisps
  3 manticores
  18 salamanders
  2 rust devils (Orc:2)
  32 elephants
  A shock serpent zombie (Crypt:1)
  16 naga magi
  A dire elephant zombie (Lair:5)
  30 black mambas
  6 guardian serpents
  22 vault sentinels
  An orange demon (Lair:3)
  2 elf zombies (Vaults:1)
  An eye of devastation (Lair:4)
  3 gargoyles
  Maggie (D:9)
  36 yaktaurs
  2 kobold demonologists
  7 cane toads
  3 ice devils (Depths:2)
  10 komodo dragons
  2 unseen horrors (D:12)
  An efreet (D:12)
  7 rime drakes
  A red devil (Depths:2)
  6 polar bears
  A tengu conjurer (Depths:1)
  6 trolls
  A bloated husk (Swamp:2)
  13 hornets
  2 hellwings (Depths:2)
  9 tyrant leeches
  A culicivora zombie (Crypt:1)
  7 blink frogs
  3 spectral elephants (Lair:5)
  41 slime creatures
  Sigmund (D:2)
  A vampire (D:10)
  A ynoxinul (Abyss:3)
  20 spriggans
  2 shadows (D:12)
  18 yaks
  2 wraiths
  3 water elementals
  3 wyverns
  A yak (shapeshifter) (D:15)
  A basilisk (Lair:4)
  5 hogs (Snake:3)
  18 humans (D:13)
  A steam dragon (shapeshifter) (D:13)
  A redback (Vaults:3)
  A chaos spawn (Depths:2)
  2 spectral cane toads (Lair:5)
  14 vampire mosquitoes
  2 neqoxecs
  15 swamp worms
  5 wargs
  An acid dragon (shapeshifter) (D:15)
  48 nagas
  2 acid dragons
  14 water moccasins
  A floating eye (Lair:4)
  4 ice beasts (D:9)
  9 swamp drakes
  33 orc warriors
  6 centaurs
  13 ogres
  2 elephant zombies (Lair:5)
  26 wolves
  2 elephant skeletons (Lair:5)
  3 phantoms (D:6)
  A kobold brigand (D:6)
  2 gnoll sergeants
  2 human zombies (Vaults:1)
  9 bullfrogs
  2 scorpions
  2 earth elementals (Elf:1)
  2 cane toad simulacra (Lair:5)
  6 killer bees (D:10)
  8 vampire bats (Bailey)
  8 wolf zombies (Bailey)
  A hound (D:6)
  29 orc priests
  A gnoll bouda (D:6)
  3 jellies
  2 sleepcaps
  2 iguanas
  19 orc wizards
  Natasha (twice) (D:3)
  A small abomination (Abyss:3)
  An acid dragon zombie (Crypt:1)
  20 gnolls
  4 adders
  A white imp (D:5)
  An ufetubus (D:6)
  A worm (D:2)
  2 dart slugs
  79 orcs
  13 ball pythons
  6 bats
  2 endoplasms
  3 giant cockroaches
  6 hobgoblins
  4 jackals (D:1)
  7 kobolds
  4 quokkas
  3 frilled lizards
  18 goblins
  19 orc zombies (Bailey)
  4 rats
1486 creatures vanquished.

Vanquished Creatures (collateral kills)
  A golden dragon (Depths:2)
  A vault warden (Vaults:4)
  A curse skull (Vaults:2)
  2 ironbound preservers
  A bunyip (Swamp:3)
  A jiangshi (Vaults:2)
  A ghost crab (Swamp:4)
  A demonspawn (Orc:2)
  A hydra (shapeshifter) (Depths:2)
  A vault guard (Vaults:4)
  A boulder beetle (D:12)
  3 centaur warriors (Vaults:1)
  A naga warrior (Snake:3)
  An orc high priest (Orc:2)
  3 spriggans
  A deep elf knight (Elf:1)
  A deep elf archer (Elf:1)
  2 deep trolls (Vaults:4)
  A lindwurm (Vaults:1)
  A swamp dragon (Swamp:4)
  A deep elf zephyrmancer (Elf:1)
  A wizard (Vaults:1)
  A naga ritualist (Snake:3)
  An ugly thing (D:13)
  An orc sorcerer (Orc:2)
  An elephant (Lair:1)
  A vault sentinel (Vaults:4)
  3 black mambas
  A dire elephant zombie (Lair:5)
  A komodo dragon (Lair:2)
  2 hornets
  A human simulacrum (Vaults:1)
  A slime creature (Vaults:2)
  An air elemental (Elf:1)
  A fire dragon skeleton (Crypt:1)
  2 yaks
  A vampire (Bailey)
  A steam dragon (D:10)
  A vampire mosquito (Swamp:2)
  A wraith (D:11)
  A swamp worm (Swamp:1)
  A naga (Snake:3)
  A water moccasin (Lair:5)
  An ice beast (D:9)
  An ogre (D:5)
  2 centaurs
  A cane toad simulacrum (Lair:5)
  An electric eel (D:9)
  A jelly (D:5)
  A hound (D:5)
  Natasha (D:3)
  Robin (D:3)
  A gnoll (D:5)
  An orc zombie (Bailey)
  A worm (D:2)
  4 orcs
  2 goblins (D:3)
72 creatures vanquished.

Vanquished Creatures (others)
  A spriggan (Swamp:2)
  A swamp dragon (Swamp:4)
  A wizard (Vaults:4)
  An ugly thing (Vaults:4)
  3 bloated husks
  A hornet (Swamp:2)
  23 foxfires
31 creatures vanquished.

Grand Total: 1589 creatures vanquished

Table legend: (Time is in decaauts)
 A = Elapsed time spent in this place.
 B = Non-inter-level travel time spent in this place.
 C = Inter-level travel time spent in this place.
 D = Time resting spent in this place.
 E = Time spent auto-exploring this place.
 F = Levels seen in this place.
 G = Mean time per level.
                   A        B        C        D        E       F      G
               +--------+--------+--------+--------+--------+-----+--------+
         Total |  49522 |  45689 |   3833 |   6183 |  29262 |  44 | 1125.5 |
       Dungeon |  15835 |  14391 |   1444 |   1599 |   9788 |  15 | 1055.7 |
        Temple |     87 |     85 |      2 |      0 |     68 |   1 |   87.0 |
          Lair |   9594 |   8680 |    914 |   1521 |   5710 |   5 | 1918.8 |
         Swamp |   3198 |   2942 |    256 |    209 |   1775 |   4 |  799.5 |
     Snake Pit |   4465 |   4064 |    401 |    254 |   2702 |   4 | 1116.2 |
  Orcish Mines |   3281 |   3110 |    171 |    943 |   1549 |   2 | 1640.5 |
   Elven Halls |   1587 |   1514 |     73 |      0 |   1101 |   2 |  793.5 |
        Vaults |   6902 |   6348 |    554 |   1211 |   3532 |   5 | 1380.4 |
         Crypt |    404 |    404 |      0 |      6 |    255 |   1 |  404.0 |
        Depths |   2978 |   2963 |     15 |    226 |   2264 |   2 | 1489.0 |
         Abyss |    109 |    109 |      0 |      0 |     56 |   2 |   54.5 |
        Bailey |   1075 |   1075 |      0 |    214 |    461 |   1 | 1075.0 |
               +--------+--------+--------+--------+--------+-----+--------+

Top non-repeatable levels by time:
  Lair:5: 2821 daAuts
Vaults:2: 2162 daAuts
     D:9: 1979 daAuts
  Lair:4: 1935 daAuts
Vaults:3: 1862 daAuts
   Orc:2: 1859 daAuts
  Lair:1: 1814 daAuts
    D:10: 1802 daAuts
  Lair:3: 1716 daAuts
Depths:2: 1593 daAuts
Vaults:4: 1442 daAuts
Vaults:1: 1432 daAuts
   Orc:1: 1422 daAuts
Depths:1: 1384 daAuts
    D:11: 1373 daAuts

Table legend:
 A = Non-vault XP
 B = Vault XP
 C = Vault XP percentage of total XP
 D = Non-vault monster count
 E = Vault monster count
 F = Vault count percentage of total count
                 A         B        C        D         E       F
            +---------+---------+-------+---------+---------+-------
      Total |  446644 |  252192 |  36.1 |    1040 |     525 |  33.5
            +---------+---------+-------+---------+---------+-------
        D:1 |      34 |       0 |   0.0 |      18 |       0 |   0.0
        D:2 |      78 |     226 |  74.3 |      19 |       1 |   5.0
        D:3 |     159 |      62 |  28.1 |      25 |       9 |  26.5
        D:4 |     185 |       1 |   0.5 |      15 |       1 |   6.2
        D:5 |     613 |       0 |   0.0 |      19 |       0 |   0.0
        D:6 |     728 |     214 |  22.7 |      17 |       4 |  19.0
        D:7 |     181 |       0 |   0.0 |       6 |       0 |   0.0
        D:8 |    2472 |      62 |   2.4 |      13 |      12 |  48.0
        D:9 |     824 |    2212 |  72.9 |       7 |      14 |  66.7
       D:10 |    1690 |    1949 |  53.6 |      20 |      10 |  33.3
       D:11 |    2097 |     484 |  18.8 |      14 |      17 |  54.8
       D:12 |    6505 |       0 |   0.0 |      18 |       0 |   0.0
       D:13 |    6129 |    8801 |  58.9 |      15 |      25 |  62.5
       D:14 |    8857 |       0 |   0.0 |      19 |       0 |   0.0
       D:15 |   15567 |    1154 |   6.9 |      25 |       1 |   3.8
     Lair:1 |    7341 |       0 |   0.0 |      26 |       0 |   0.0
     Lair:2 |    5309 |     471 |   8.1 |      11 |       3 |  21.4
     Lair:3 |    8497 |    2267 |  21.1 |      27 |       7 |  20.6
     Lair:4 |   11883 |    1047 |   8.1 |      27 |       3 |  10.0
     Lair:5 |    6285 |   14465 |  69.7 |      30 |      32 |  51.6
    Swamp:1 |   18182 |    1371 |   7.0 |      41 |       1 |   2.4
    Swamp:2 |   15850 |       0 |   0.0 |      37 |       0 |   0.0
    Swamp:3 |   15580 |       0 |   0.0 |      31 |       0 |   0.0
    Swamp:4 |   17879 |   17353 |  49.3 |      28 |      29 |  50.9
    Snake:1 |   19429 |       0 |   0.0 |      35 |       0 |   0.0
    Snake:2 |   17805 |    4819 |  21.3 |      36 |       3 |   7.7
    Snake:3 |   10283 |    8095 |  44.0 |      23 |      15 |  39.5
    Snake:4 |   26753 |   29512 |  52.5 |      55 |      45 |  45.0
      Orc:1 |    1730 |     567 |  24.7 |      29 |       2 |   6.5
      Orc:2 |    1289 |   15923 |  92.5 |      36 |      63 |  63.6
      Elf:1 |   18272 |    6880 |  27.4 |      30 |      11 |  26.8
      Elf:2 |   20321 |    3862 |  16.0 |      33 |       5 |  13.2
   Vaults:1 |   24046 |   30538 |  55.9 |      34 |      40 |  54.1
   Vaults:2 |   24868 |   16293 |  39.6 |      40 |      30 |  42.9
   Vaults:3 |   31583 |   29821 |  48.6 |      47 |      40 |  46.0
   Vaults:4 |   40429 |   21761 |  35.0 |      62 |      29 |  31.9
    Crypt:1 |    4496 |    7419 |  62.3 |       7 |       8 |  53.3
   Depths:1 |   19036 |    5415 |  22.1 |      22 |       6 |  21.4
   Depths:2 |   33131 |   17522 |  34.6 |      41 |      21 |  33.9
    Abyss:3 |     248 |       0 |   0.0 |       2 |       0 |   0.0
     Bailey |       0 |    1626 | 100.0 |       0 |      38 | 100.0
            +---------+---------+-------+---------+---------+-------
